 Dungeon Crawl Stone Soup version 0.29-a0-337-g68df138881 (webtiles) character file.

Game seed: 17892713150205091353

240 Murumi the Shield-Bearer (level 6, -3/38 HPs)
             Began as a Gargoyle Fighter on Apr 17, 2022.
             Killed by divine providence
             ... invoked by an orc priest
              (12 damage)
             ... on level 4 of the Dungeon.
             The game lasted 00:08:06 (3821 turns).

Murumi the Shield-Bearer (Gargoyle Fighter)         Turns: 3821, Time: 00:08:07

Health: -3/38      AC: 15    Str: 22    XL:     6   Next: 8%
Magic:  6/6        EV:  7    Int:  8    God:
Gold:   158        SH:  5    Dex:  9    Spells: 5/5 levels left

rFire   . . .      SeeInvis .   a - +1 flail
rCold   . . .      Faith    .   c - +1 buckler
rNeg    + . .      Spirit   .   m - +0 chain mail
rPois   ∞          Reflect  .   (no helmet)
rElec   +          Harm     .   (no cloak)
rCorr   .          Rampage  .   g - +0 pair of gloves
Will    .....                   (no boots)
Stlth   ..........              (no amulet)
HPRegen 0.12/turn               (no ring)
MPRegen 0.10/turn               (no ring)

@: mighty
A: sickness immunity, AC +4, negative energy resistance 1, electricity
resistance, torment resistance 1, petrification resistance
a: no special abilities


You were on level 4 of the Dungeon.
You visited 1 branch of the dungeon, and saw 4 of its levels.

You collected 158 gold pieces.

Inventory:

Hand Weapons
 a - a +1 flail (weapon)
Armour
 c - a +1 buckler (worn)
 g - a +0 pair of gloves (worn)
 m - a +0 chain mail (worn)
Scrolls
 k - a scroll of fog
 n - a scroll of enchant armour
Potions
 b - a potion of attraction {unknown}
 e - 2 potions of curing
 f - a potion of mutation
 i - a potion of invisibility {unknown}
 j - a potion of flight {unknown}
 l - a potion of brilliance {unknown}


   Skills:
 - Level 4.0 Fighting
 - Level 4.0 Maces & Flails
 - Level 4.0 Armour
 - Level 1.0 Dodging
 - Level 2.0 Stealth
 + Level 4.4 Shields


You had 5 spell levels left.
You didn't know any spells.
Your spell library contained the following spells:

 Spells                   Type           Power      Damage    Failure   Level
 Foxfire                  Conj/Fire      0%         2x1d4     99%         1
 Conjure Flame            Conj/Fire      0%         6-21      100%        3
 Inner Flame              Hex/Fire       0%         N/A       100%        3
 Animate Armour           Summ/Erth      0%         N/A       100%        4
 Flame Wave               Conj/Fire      0%         2d4       100%        4
 Blade Hands              Tmut           0%         N/A       100%        5
 Freezing Cloud           Conj/Ice/Air   0%         6-21      100%        5
 Iron Shot                Conj/Erth      0%         9d1       100%        6
 Simulacrum               Ice/Necr       0%         N/A       100%        6
 Polar Vortex             Ice            0%         N/A       100%        9


Dungeon Overview and Level Annotations

Branches:
Dungeon (4/15)
 Temple: D:4-7

Altars:


Innate Abilities, Weirdness & Mutations

You are immune to sickness and miasma.
Your stone body is resilient. (AC +4)
You are immune to poison.
You resist negative energy. (rN+)
You are resistant to electric shocks. (rElec)
You are resistant to unholy torment.
You are immune to petrification.


Message History

The magic dart hits you!
You hit something. Something hits you but does no damage.
You barely miss something. Something hits you but does no damage.
The orc priest calls down the wrath of Beogh upon you.
Beogh smites you!
* * * LOW HITPOINT WARNING * * *
You feel much better.
An orc comes into view. It is wielding a +0 mace.
Something hits you but does no damage.
You miss something.
An orc comes into view. It is wielding a +0 club.
The orc hits you but does no damage. Something hits you but does no damage.
Something hits you.
You closely miss something. Something hits you.
You feel very mighty all of a sudden. The orc hits you but does no damage.
You closely miss the orc. You block the orc's attack.
An orc wizard comes into view. It is wielding a +0 dagger.
You sock the orc!
You kill the orc!
The orc priest invokes the aid of Beogh against you.
Something writhes in agony!
The orc hits you with a +0 mace.
You barely miss something. The orc hits you with a +0 mace.
The orc priest mumbles some strange prayers to Beogh against you.
Beogh smites you! The orc barely misses you.
Something hits you but does no damage.
You hear an angry hiss.
You miss something. Something hits you but does no damage.
The orc hits you but does no damage.
The orc priest looks braver for a moment.
You sock something! Something hits you.
* * * LOW HITPOINT WARNING * * *
The orc barely misses you.
Okay, then.
You bludgeon something!!
Reactivating autopickup.
You feel a bit more experienced.
The orc priest mumbles some strange prayers to Beogh against you.
Beogh smites you!
You die...

....<.....#
#########.### ..# #.#
#### #.# ...# ##.##
##.# ##...## #
##.######.###.####o##
.....#....# #ooo@o..#
##.#.#.##.###.#####.#
#.............#
#.#..#.###....#
#.#..#.# #.##.#
..#..#.# #.##.#
###..#.# #.##..
#..#.# .#### ......


You could see an orc priest, an orc wizard and 3 orcs.

Vanquished Creatures
  A gnoll shaman (D:3)
  An iguana (D:4)
  2 orc wizards
  4 gnolls
  3 adders
  An adder zombie (D:3)
  3 adder skeletons (D:3)
  6 orcs
  7 ball pythons
  3 bats
  5 endoplasms
  4 giant cockroaches
  4 goblins
  5 hobgoblins
  9 jackals
  2 kobolds
  5 quokkas
  A ball python skeleton (D:3)
  A ball python zombie (D:3)
  3 frilled lizards (D:1)
  A quokka skeleton (D:3)
  2 rats
73 creatures vanquished.

Vanquished Creatures (others)
  A plant (D:1)
  2 withered plants
3 creatures vanquished.

Grand Total: 76 creatures vanquished

Notes
Turn   | Place    | Note
-------+----------+-------------------------------------------
     0 | D:1      | Murumi the Gargoyle Fighter began the quest for the Orb.
     0 | D:1      | Reached XP level 1. HP: 14/14 MP: 1/1
   168 | D:1      | Found a faded altar of an unknown god.
   182 | D:1      | Reached XP level 2. HP: 19/19 MP: 2/2
  1074 | D:2      | Reached XP level 3. HP: 20/24 MP: 3/3
  2161 | D:3      | Reached skill level 1 in Stealth
  2161 | D:3      | Reached XP level 4. HP: 29/29 MP: 4/4
  2491 | D:3      | Reached skill level 1 in Dodging
  2751 | D:3      | Reached XP level 5. HP: 33/33 MP: 5/5
  3498 | D:4      | Reached XP level 6. HP: 27/38 MP: 6/6
  3821 | D:4      | Killed from afar by an orc priest

Illustrated notes

Levels and vault maps discovered:
D:1:      amcnicky_arrival_abandoned_market, layout_basic,
          shapermc_ecumenical_altar_gd
D:2:      layout_basic
D:3:      layout_loops_corners, serial_undead, serial_undead_c, serial_undead_e,
          serial_undead_e, serial_undead_e
D:4:      layout_loops_ring, chequers_serial_rivers_micro_c

Skill      XL: |  1  2  3  4  5 |
---------------+----------------+-----
Shields        | 4 |  4.4
Fighting       | 4 |  4.0
Armour         | 4 |  4.0
Stealth        | 1 2 |  2.0
Dodging        | 1 |  1.0
Maces & Flails | 4 |  4.0

Action                   |  1- 3 |  4- 6 || total
-------------------------+-------+-------++-------
Melee: Flail             |   140 |   133 ||   273
  Use: Scroll            |     5 |     3 ||     8
       Potion            |       |     2 ||     2
Armor: Scale mail        |    82 |    24 ||   106
       Chain mail        |       |    50 ||    50
Dodge: Dodged            |    73 |    41 ||   114
Block: Buckler           |    30 |    28 ||    58

Table legend: (Time is in decaauts)
 A = Elapsed time spent in this place.
 B = Non-inter-level travel time spent in this place.
 C = Inter-level travel time spent in this place.
 D = Time resting spent in this place.
 E = Time spent auto-exploring this place.
 F = Levels seen in this place.
 G = Mean time per level.
                   A        B        C        D        E       F      G
               +--------+--------+--------+--------+--------+-----+--------+
         Total |   3916 |   3276 |    640 |    104 |   2554 |   4 |  979.0 |
       Dungeon |   3916 |   3276 |    640 |    104 |   2554 |   4 |  979.0 |
               +--------+--------+--------+--------+--------+-----+--------+

Top non-repeatable levels by time:
     D:3: 1351 daAuts
     D:2: 1122 daAuts
     D:1: 1001 daAuts
     D:4: 441 daAuts
